 Dungeon Crawl Stone Soup version 0.26-a0-639-g72c4674329 (webtiles) character file.

Game seed: 14954091502187941619

58 Borgoz the Skirmisher (level 4, 0/43 HPs)
             Began as a Gargoyle Berserker on Sept 18, 2020.
             Was a Follower of Trog.
             Slain by an orc wizard
             ... wielding a +0 dagger
              (1 damage)
             ... on level 3 of the Dungeon.
             The game lasted 00:00:54 (1592 turns).

Borgoz the Skirmisher (Gargoyle Berserker)          Turns: 1592, Time: 00:00:54

Health: 0/43       AC:  5    Str: 21    XL:     4   Next: 2%
Magic:  4/4        EV: 13    Int:  7    God:    Trog [*.....]
Gold:   143        SH:  0    Dex: 16    Spells: 3/3 levels left

rFire    . . .     SeeInvis .   a - +0 mace
rCold    . . .     Faith    .   (no shield)
rNeg     + . .     Spirit   .   b - +0 animal skin
rPois    ∞         Reflect  .   (no helmet)
rElec    +         Harm     .   (no cloak)
rCorr    .         Rampage  .   (no gloves)
MR       .....                  (no boots)
Stlth    ..........             (no amulet)
HPRegen  0.14/turn              k - +6 ring of dexterity
MPRegen  0.09/turn              (no ring)

@: berserking, very quick
A: negative energy resistance 1, electricity resistance, unbreathing,
petrification resistance, rot immunity, AC +3
a: Berserk, Renounce Religion


You were on level 3 of the Dungeon.
You worshipped Trog.
Trog was aware of your devotion.
You visited 1 branch of the dungeon, and saw 3 of its levels.

You collected 143 gold pieces.

Inventory:

Hand Weapons
 a - a +0 mace (weapon)
Armour
 b - a +0 animal skin (worn)
Jewellery
 k - a +6 ring of dexterity (left hand)
 l - a cursed -4 ring of intelligence {unknown}
Scrolls
 c - a scroll of noise {unknown}
 h - a scroll of random uselessness {unknown}
 i - 2 scrolls of teleportation {unknown}
 j - a scroll of identify {unknown}
 n - a scroll of fear {unknown}
Potions
 d - a potion of flight {unknown}
 e - a potion of degeneration {unknown}
 f - 2 potions of curing {unknown}
 g - a potion of resistance {unknown}
 m - 2 potions of heal wounds {unknown}


   Skills:
 + Level 3.9 Fighting
 + Level 3.5 Maces & Flails
 + Level 2.9 Armour
 + Level 2.1 Dodging


You had 3 spell levels left.
You didn't know any spells.
Your spell library was empty.

Dungeon Overview and Level Annotations

Branches:
Dungeon (3/15)

Altars:


Innate Abilities, Weirdness & Mutations

You are resistant to torment.
Your stone body is resilient. (AC +3)
You are immune to poison.
You resist negative energy. (rN+)
You are resistant to electric shocks. (rElec)
You can survive without breathing.
You are immune to petrification.
You are immune to rotting.


Message History

You closely miss something.
Something hits you but does no damage. x2
You closely miss something. Something hits you but does no damage.
You hear some strange, mumbled words.
A magic dart appears from out of thin air!
The magic dart hits you!
* * * LOW HITPOINT WARNING * * *
You barely miss something. Something hits you but does no damage.
Okay, then.
Okay, then.
A red film seems to cover your vision as you go berserk!
You feel yourself moving faster!
You feel mighty! Something hits you.
* * * LOW HITPOINT WARNING * * *
Something barely misses you.
You miss something.
You hear some strange, mumbled words.
A puff of flame appears from out of thin air!
The puff of flame hits you!
* * * LOW HITPOINT WARNING * * *
You closely miss something. Something hits you.
You die...

. .. ... #####
.... ...# ## ....
#.##.##⌠#
...#..###.<.....#
......{@..?#...##
.####.###..# ###
# ...[..#
###.....#
#..#....
#.###.... #.#
#..# ..# #.#


There were no monsters in sight!

Vanquished Creatures
  3 adders
  A worm (D:2)
  A leopard gecko (D:1)
  4 orcs (D:3)
  3 giant cockroaches
  4 goblins
  2 hobgoblins (D:2)
  A bat (D:1)
  4 kobolds
23 creatures vanquished.

Notes
Turn   | Place    | Note
-------+----------+-------------------------------------------
     0 | D:1      | Borgoz the Gargoyle Berserker began the quest for the Orb.
     0 | D:1      | Reached XP level 1. HP: 14/14 MP: 1/1
   568 | D:2      | Reached XP level 2. HP: 19/19 MP: 2/2
  1302 | D:2      | Reached XP level 3. HP: 23/23 MP: 3/3
  1582 | D:3      | Reached XP level 4. HP: 18/29 MP: 4/4
  1591 | D:3      | HP: 1/43 [something/puff of flame (7)]
  1592 | D:3      | Slain by an orc wizard

Illustrated notes

Levels and vault maps discovered:
D:1:      evilmike_arrival_crescent, layout_basic
D:2:      layout_loops_corners
D:3:      layout_rooms, xom_redecorated, lemuel_round_altar

Skill      XL: |  1  2  3 |
---------------+----------+-----
Dodging        | 2 |  2.1
Fighting       | |  3.9
Maces & Flails | |  3.5
Armour         | |  2.9

Action                   |  1- 3 |  4- 6 || total
-------------------------+-------+-------++-------
Melee: Mace              |    76 |     9 ||    85
Invok: Berserk           |       |     1 ||     1
 Stab: Sleeping          |     2 |       ||     2
Armor: Animal skin       |    25 |     8 ||    33
Dodge: Dodged            |    47 |     1 ||    48

Table legend: (Time is in decaauts)
 A = Elapsed time spent in this place.
 B = Non-inter-level travel time spent in this place.
 C = Inter-level travel time spent in this place.
 D = Time resting spent in this place.
 E = Time spent auto-exploring this place.
 F = Levels seen in this place.
 G = Mean time per level.
                   A        B        C        D        E       F      G
               +--------+--------+--------+--------+--------+-----+--------+
         Total |   1610 |   1575 |     35 |      0 |   1403 |   3 |  536.7 |
       Dungeon |   1610 |   1575 |     35 |      0 |   1403 |   3 |  536.7 |
               +--------+--------+--------+--------+--------+-----+--------+

Top non-repeatable levels by time:
     D:2: 978 daAuts
     D:1: 565 daAuts
     D:3: 66 daAuts
